 Dungeon Crawl Stone Soup version 0.28.0 (webtiles) character file.

Game seed: 18388856854177386296

87350 KamiKatze the Slicer (level 15, -1/83 HPs)
             Began as a Vine Stalker Fighter on Feb 6, 2022.
             Was a Believer of Uskayaw.
             Slain by a minotaur (3 damage)
             ... in a Gauntlet on Feb 7, 2022.
             The game lasted 01:38:23 (22965 turns).

KamiKatze the Slicer (Vine Stalker Fighter)        Turns: 22965, Time: 01:38:23

Health: -1/83      AC: 19    Str: 26    XL:     15   Next: 90%
Magic:  0/23       EV: 15    Int:  8    God:    Uskayaw [**....]
Gold:   2056       SH:  7    Dex: 14    Spells: 9/14 levels left

rFire   + . .      SeeInvis .   a - +1 rapier (elec)
rCold   . . .      Faith    +   c - +0 buckler
rNeg    . . .      Spirit   +   N - +0 acid dragon scales
rPois   +          Reflect  .   Z - +1 helmet
rElec   .          Harm     .   Y - +0 cloak {rPois}
rCorr   +          Rampage  .   K - +0 pair of gloves
Will    +....      NoTele   +   l - +0 pair of boots
Stlth   +.........              s - amulet of faith
HPRegen 1.03/turn               I - +4 ring of protection
MPRegen 0.18/turn               Q - ring of protection from fire

@: studying Short Blades
A: fangs 3, regeneration 1, magic shield, antimagic bite, no potion heal 2
a: Renounce Religion, Stomp, Line Pass


You were in a Gauntlet.
You worshipped Uskayaw.
Uskayaw was aware of your devotion.
You visited 4 branches of the dungeon, and saw 24 of its levels.
You also visited: Ossuary and Gauntlet.

You collected 2056 gold pieces.

Inventory:

Hand Weapons
 a - a +1 rapier of electrocution (weapon)
 b - a +1 rapier of holy wrath
 w - a +2 short sword of venom
 W - the +7 scimitar "Putyogas" {venom, rElec rPois rC+}
   (You found it on level 14 of the Dungeon)

   It poisons the flesh of those it strikes.
   rC:        It protects you from cold.
   rElec:     It insulates you from electricity.
   rPois:     It protects you from poison.
 X - the +5 rapier of Sin {drain, *Noise rF+ rCorr Str+6 Dex-5}
   (You found it in a Gauntlet)

   A truly terrible weapon, it drains the life of any living foe it strikes.
   Str:       It affects your strength (+6).
   Dex:       It affects your dexterity (-5).
   rF:        It protects you from fire.
   *Noise:    It may make noises in combat.
   rCorr:     It protects you from acid and corrosion.
Missiles
 e - 4 datura-tipped darts
 i - 112 stones
 j - 33 poisoned darts (quivered)
 H - 3 throwing nets
 R - 6 curare-tipped darts
Armour
 c - a +0 buckler (worn)
 d - a +0 plate armour
 l - a +0 pair of boots (worn)
 q - a +1 hat
 J - the +1 helmet of Qyecw {rElec rC+++ rCorr Dex-3}
   (You found it in a Gauntlet)

   Dex:       It affects your dexterity (-3).
   rC:        It renders you almost immune to cold.
   rElec:     It insulates you from electricity.
   rCorr:     It protects you from acid and corrosion.
 K - a +0 pair of gloves (worn)
 M - a +1 scale mail
 N - +0 acid dragon scales (worn)
 Y - a +0 cloak of poison resistance (worn)
 Z - a +1 helmet (worn)
Jewellery
 r - a +4 ring of evasion
 s - an amulet of faith (around neck)
 I - a +4 ring of protection (left hand)
 L - a ring of poison resistance
 O - the ring of Gangubapel {Ice rElec SInv}
   (You found it on level 2 of the Lair of Beasts)

   [ring of ice]

   It enhances your ice magic.
   rF:        It makes you vulnerable to fire.
   rC:        It protects you from cold.
   rElec:     It insulates you from electricity.
   SInv:      It lets you see invisible.
 Q - a ring of protection from fire (right hand)
Wands
 n - a wand of polymorph (12)
 v - a wand of digging (11)
 A - a wand of paralysis (5)
 F - a wand of iceblast (15)
 P - a wand of flame (6)
Scrolls
 g - 6 scrolls of blinking
 k - 3 scrolls of enchant weapon
 o - 15 scrolls of teleportation
 t - 2 scrolls of immolation
 C - 2 scrolls of enchant armour
 S - a scroll of silence
 T - 5 scrolls of identify
 V - a scroll of amnesia
Potions
 f - 6 potions of attraction
 h - 4 potions of cancellation
 m - 5 potions of brilliance
 p - 4 potions of might
 u - 2 potions of lignification
 x - 2 potions of haste
 y - 9 potions of curing
 z - a potion of berserk rage
 B - 4 potions of flight
 D - a potion of resistance
 E - a potion of invisibility
 G - 3 potions of magic
Miscellaneous
 U - a box of beasts


   Skills:
 + Level 11.4 Fighting
 - Level 14.0 Short Blades
 + Level 9.1 Armour
 + Level 8.7 Dodging
 + Level 12.7 Shields
 + Level 10.4 Invocations


You had 9 spell levels left.
You knew the following spells:

 Your Spells              Type           Power      Damage    Failure   Level
a - Manifold Assault      Tloc           0%         N/A       100%        5

Your spell library contained the following spells:

 Spells                   Type           Power      Damage    Failure   Level
 Animate Skeleton         Necr           0%         N/A       52%         1
 Apportation              Tloc           0%         N/A       52%         1
 Magic Dart               Conj           0%         1d3       52%         1
 Pain                     Necr           0%         1d4       52%         1
 Summon Small Mammal      Summ           0%         N/A       52%         1
 Blink                    Tloc           0%         N/A       67%         2
 Call Imp                 Summ           0%         N/A       67%         2
 Searing Ray              Conj           0%         2d4       67%         2
 Static Discharge         Conj/Air       0%         N/A       67%         2
 Gell's Gravitas          Tloc           0%         N/A       88%         3
 Mephitic Cloud           Conj/Pois/Air  0%         N/A       88%         3
 Teleport Other           Tloc           0%         N/A       88%         3
 Vampiric Draining        Necr           0%         2d6       88%         3
 Animate Dead             Necr           0%         N/A       99%         4
 Fulminant Prism          Conj/Hex       0%         3d6       99%         4
 Borgnjor's Vile Clutch   Necr/Erth      0%         N/A       100%        5
 Lightning Bolt           Conj/Air       0%         1d11      100%        5
 Death Channel            Necr           0%         N/A       100%        6
 Dispersal                Tloc           0%         N/A       100%        6
 Storm Form               Tmut/Air       0%         N/A       100%        7
 Maxwell's Capacitive Co  Air            0%         ∞         100%        8


Dungeon Overview and Level Annotations

Branches:
Dungeon (15/15)            Temple (1/1) D:4            Lair (6/6) D:9
  Swamp (0/4) Lair:4       Spider (0/4) Lair:4        Slime (0/5) Lair:6
    Orc (2/2) D:10            Elf (0/3) Orc:2        Vaults (0/5) D:14
 Depths (0/4) D:15        Ossuary (visited)         Gauntlet (1/1)

Altars:
Ashenzari
Cheibriados
Dithmenos
Elyvilon
Fedhas
Gozag
Hepliaklqana
Kikubaaqudgha
Makhleb
Nemelex Xobeh
Okawaru
Qazlal
Ru
Sif Muna
Trog
Uskayaw
Vehumet
Wu Jian
Xom
Yredelemnul
Zin
The Shining One
Beogh

Shops:
D:13 (*   Orc:1 (   Orc:2 :

Portals:
Trove: D:14 (give +3 ice dragon scales)

Annotations:
Lair:2 exclusion: oklob plant
Lair:3 exclusion: oklob plant
Lair:6 exclusion: downstairs
Orc:1 1 runed translucent door, exclusion: door, Sucvi's ghost, journeyman MiFi
Orc:2 EROLCHA!, Erolcha Gauntlet 6 transporters, 21 runed translucent doors


Innate Abilities, Weirdness & Mutations

You have razor-sharp teeth.
Your natural rate of healing is unusually fast.
When hurt, damage is shared between your health and your magic reserves.
Your bite disrupts and absorbs the magic of your enemies.
Potions cannot restore your health.


Message History

The minotaur is lightly wounded.
You hit the minotaur. You bite the minotaur. You drain its power.
You feel invigorated.
The minotaur is lightly wounded.
The minotaur hits you with the +3 quarterstaff of the Hated {pain, Dex+3}!!!
* * * LOW HITPOINT WARNING * * *
You writhe in agony.
* * * LOW HITPOINT WARNING * * *
The minotaur gores you.
* * * LOW HITPOINT WARNING * * *
You hit the minotaur but do no damage.
You bite the minotaur, but do no damage.
The minotaur is lightly wounded.
You puncture the minotaur! You bite the minotaur. You drain its power.
You feel invigorated.
The minotaur is moderately wounded.
You block the minotaur's attack. The minotaur gores you.
* * * LOW HITPOINT WARNING * * *
You can now pass through a line of other dancers.
You barely miss the minotaur. You bite the minotaur. You drain its power.
You feel invigorated.
The minotaur is moderately wounded.
Unknown command.
You puncture the minotaur! Your bite misses the minotaur.
The minotaur is heavily wounded.
The minotaur hits you with the +3 quarterstaff of the Hated {pain, Dex+3}.
You writhe in agony.
* * * LOW HITPOINT WARNING * * *
The minotaur gores you.
* * * LOW HITPOINT WARNING * * *
You hit the minotaur but do no damage. Lightning courses through the minotaur!
You bite the minotaur, but do no damage.
The minotaur is severely wounded.
You hit the minotaur but do no damage. Lightning courses through the minotaur!
You bite the minotaur, but do no damage.
The minotaur is almost dead.
The minotaur hits you with the +3 quarterstaff of the Hated {pain, Dex+3}!!
* * * LOW HITPOINT WARNING * * *
You writhe in agony.
You die...

#### ..#
#########.#
#.......#.##
#.#####....# #.##.#
#..#.# ##@#.# #H#.#
..#.#
#.###########.#
#.............#
#########.#########
#≈...............≈#
##
#8.8.8..©.©..8.8.8#
### 8#
#≈...............≈#
#8#


You could see a minotaur.

Vanquished Creatures
  A tengu reaver (D:14)
  An ironbound preserver (D:14)
  Snorg (Lair:6)
  A fire dragon (D:14)
  Josephine (D:10)
  A great orb of eyes (Gauntlet)
  11 hydras
  A yaktaur captain (D:14)
  A boulder beetle (D:12)
  2 catoblepae
  An anaconda (shapeshifter) (D:14)
  5 centaur warriors
  7 two-headed ogres
  A death knight (D:14)
  A tengu warrior (D:15)
  6 death yaks
  A fire crab (shapeshifter) (D:14)
  A skeletal warrior (D:14)
  A wizard (Lair:6)
  An orc knight (D:14)
  8 deep elf pyromancers
  7 orc sorcerers
  8 ugly things
  5 manticores
  A worldbinder (Gauntlet)
  8 cyclopes
  13 elephants
  2 black mambas
  An orange demon (Lair:6)
  16 cane toads
  4 gargoyles
  9 komodo dragons
  5 rime drakes
  An efreet (D:14)
  2 freezing wraiths
  A queen bee (shapeshifter) (D:14)
  A tengu conjurer (D:14)
  3 meliai (D:13)
  2 red devils (Lair:6)
  4 trolls
  3 polar bears
  A tyrant leech (Lair:4)
  8 slime creatures
  2 hornets
  4 dream sheep (Lair:4)
  10 blink frogs
  2 centaur simulacra (D:14)
  Sigmund (D:2)
  A vampire (D:12)
  2 shadows
  46 yaks
  2 wyverns
  6 wraiths
  7 basilisks
  A golden eye (shapeshifter) (D:14)
  2 steam dragons
  2 wargs
  2 acid dragons
  19 water moccasins
  A hell hound (Lair:6)
  A sky beast (D:4)
  A hornet zombie (D:5)
  14 orc warriors
  2 ice beasts
  2 black bears (D:5)
  A necrophage (D:4)
  12 ogres
  12 wolves
  6 boggarts
  2 centaurs
  3 phantoms
  A kobold brigand (D:7)
  12 bullfrogs
  2 wyvern zombies
  4 scorpions
  A gnoll sergeant (D:11)
  2 water moccasin zombies (Ossuary)
  A wyvern skeleton (D:6)
  A water moccasin skeleton (D:4)
  5 killer bees (D:7)
  12 wights
  7 electric eels
  5 bullfrog zombies (Ossuary)
  3 centaur zombies
  3 jellies
  A gnoll shaman (D:8)
  9 orc priests
  3 hounds
  17 mummies (Ossuary)
  A centaur skeleton (D:5)
  2 iguanas
  25 orc wizards
  7 killer bee zombies
  A hound skeleton (D:4)
  6 howler monkey zombies
  4 adders
  6 gnolls
  2 shadow imps
  2 white imps (D:6)
  3 worms
  A dart slug (D:4)
  86 orcs
  8 endoplasms
  2 giant cockroaches
  5 goblins
  4 hobgoblins
  3 quokkas
  3 ball pythons
  7 bats
  3 frilled lizards
  12 kobolds
  10 rats
617 creatures vanquished.

Vanquished Creatures (others)
  A sky beast (D:6)
  16 fungi
  60 plants
  5 withered plants (Ossuary)
82 creatures vanquished.

Grand Total: 699 creatures vanquished

Notes
Turn   | Place    | Note
-------+----------+-------------------------------------------
     0 | D:1      | KamiKatze the Vine Stalker Fighter began the quest for the
                  | Orb.
     0 | D:1      | Reached XP level 1. HP: 11/11 MP: 2/2
   193 | D:1      | Reached skill level 2 in Short Blades
   213 | D:1      | Reached XP level 2. HP: 15/16 MP: 3/3
   323 | D:1      | Found a faded altar of an unknown god.
   518 | D:2      | Noticed Sigmund
   530 | D:2      | Killed Sigmund
   531 | D:2      | Reached skill level 3 in Short Blades
   531 | D:2      | Reached XP level 3. HP: 14/20 MP: 2/4
   531 | D:2      | Gained mutation: Your natural rate of healing is unusually
                  | fast. [Vine Stalker growth]
   531 | D:2      | Reached XP level 4. HP: 17/24 MP: 2/5
   531 | D:2      | Reached XP level 5. HP: 20/28 MP: 2/6
  1325 | D:3      | You fall into a shaft and drop 1 floor!
  1342 | D:4      | Found a stormy altar of Qazlal.
  1413 | D:4      | Reached XP level 6. HP: 30/32 MP: 4/7
  1443 | D:4      | Reached skill level 4 in Short Blades
  1459 | D:4      | Found a staircase to the Ecumenical Temple.
  1651 | D:4      | Found a sand-covered staircase.
  1656 | Ossuary  | Entered an ossuary
  1690 | Ossuary  | Reached XP level 7. HP: 21/37 MP: 3/8
  1718 | Ossuary  | Reached skill level 5 in Shields
  1838 | Ossuary  | Reached skill level 5 in Short Blades
  2000 | Ossuary  | Gained mutation: You have razor-sharp teeth. [Vine Stalker
                  | growth]
  2000 | Ossuary  | Reached XP level 8. HP: 42/42 MP: 9/9
  2230 | Temple   | Entered the Ecumenical Temple
  2244 | Temple   | Became a worshipper of Uskayaw the Reveller
  2348 | D:3      | Reached * piety under Uskayaw
  2471 | D:3      | Reached ** piety under Uskayaw
  2891 | D:3      | Reached skill level 6 in Short Blades
  3405 | D:4      | Reached *** piety under Uskayaw
  3699 | D:5      | Entered Level 5 of the Dungeon
  3722 | D:5      | Reached skill level 5 in Fighting
  3848 | D:6      | Reached XP level 9. HP: 20/47 MP: 5/10
  3852 | D:6      | Reached **** piety under Uskayaw
  3903 | D:5      | Reached skill level 7 in Short Blades
  4433 | D:5      | Found a radiant altar of Vehumet.
  4587 | D:6      | Found the necklace of Bloodlust {*Rage Will++ Int-3 Slay+6}
  4638 | D:6      | Noticed a cyclops
  4697 | D:6      | Found a shimmering blue altar of Sif Muna.
  4798 | D:6      | Killed a cyclops
  4852 | D:6      | Reached skill level 8 in Short Blades
  5124 | D:6      | Reached XP level 10. HP: 47/53 MP: 8/11
  5656 | D:7      | Found a shadowy altar of Dithmenos.
  5806 | D:7      | Found a glowing silver altar of Zin.
  5810 | D:7      | Found an iron altar of Okawaru.
  5979 | D:7      | Reached skill level 1 in Invocations
  6008 | D:7      | Noticed a two-headed ogre
  6049 | D:7      | Killed a two-headed ogre
  6050 | D:7      | Reached skill level 1 in Dodging
  6501 | D:7      | Reached skill level 9 in Short Blades
  7614 | D:9      | Noticed a gargoyle
  7710 | D:9      | Identified a scroll of acquirement
  7710 | D:9      | Acquired a manual of Short Blades
  7790 | D:9      | HP: 2/55 [gargoyle/stone arrow (26)]
  8014 | D:8      | Reached XP level 11. HP: 45/58 MP: 4/14
  8350 | D:9      | Reached skill level 10 in Short Blades
  8402 | D:9      | Found a staircase to the Lair.
  8502 | D:9      | Noticed a two-headed ogre
  8525 | D:9      | Killed a two-headed ogre
  8578 | D:9      | Noticed a deep elf pyromancer
  8591 | D:9      | Killed a deep elf pyromancer
  8702 | D:10     | Entered Level 10 of the Dungeon
  8889 | D:10     | Found a sacrificial altar of Ru.
  8979 | D:10     | Found an opulent altar of Gozag.
  9054 | D:10     | Noticed a two-headed ogre
  9090 | D:10     | Killed a two-headed ogre
  9164 | D:10     | Noticed a two-headed ogre
  9197 | D:10     | Killed a two-headed ogre
  9352 | D:10     | Reached skill level 11 in Short Blades
  9373 | D:10     | Noticed Josephine
  9400 | D:10     | Killed Josephine
  9402 | D:10     | Reached ***** piety under Uskayaw
  9412 | D:10     | Reached ****** piety under Uskayaw
  9461 | D:10     | Found a staircase to the Orcish Mines.
  9721 | Orc:1    | Entered Level 1 of the Orcish Mines
  9790 | Orc:1    | Noticed an orc sorcerer
  9802 | Orc:1    | Killed an orc sorcerer
  9803 | Orc:1    | Reached XP level 12. HP: 55/64 MP: 16/16
  9886 | Orc:2    | Entered Level 2 of the Orcish Mines
 10194 | Orc:2    | Found Feimada's Book Shop.
 10406 | Orc:1    | Found a runed translucent door.
 10408 | Orc:1    | Noticed Sucvi's ghost (journeyman MiFi)
 10479 | Orc:1    | Found Myaxt's Antique Weapon Shop.
 10707 | Orc:2    | Reached skill level 12 in Short Blades
 10707 | Orc:2    | Reached skill level 5 in Invocations
 10872 | Orc:2    | Found a staircase to the Elven Halls.
 10966 | Orc:2    | Reached skill level 5 in Armour
 10983 | Orc:2    | Reached skill level 10 in Shields
 11003 | Orc:2    | Noticed a soul eater
 11122 | Orc:2    | Noticed Erolcha
 11340 | Lair:1   | Entered Level 1 of the Lair of Beasts
 11801 | Lair:1   | Reached skill level 13 in Short Blades
 12341 | Lair:2   | Reached skill level 5 in Dodging
 12835 | Lair:2   | Reached XP level 13. HP: 69/69 MP: 18/18
 12955 | Lair:2   | Identified the ring of Gangubapel {Ice rElec SInv}
 13573 | Lair:3   | Reached skill level 14 in Short Blades
 14186 | Lair:3   | Found a blossoming altar of Fedhas.
 14446 | Lair:4   | Found a hole to the Spider Nest.
 15150 | Lair:4   | Learned a level 5 spell: Manifold Assault
 15402 | Lair:4   | Found a staircase to the Swamp.
 15735 | Lair:5   | Reached XP level 14. HP: 60/75 MP: 20/20
 16756 | Lair:6   | Entered Level 6 of the Lair of Beasts
 16921 | Lair:6   | Noticed Snorg
 16933 | Lair:6   | Killed Snorg
 16934 | Lair:6   | Reached skill level 10 in Fighting
 17371 | Lair:6   | Found a staircase to the Slime Pits.
 17905 | Lair:6   | Found a burning altar of Makhleb.
 19216 | D:12     | Found a snail-covered altar of Cheibriados.
 20171 | D:13     | Found Cakatzat's Weapon Emporium.
 20242 | D:13     | Found Farelore's Blood Bar.
 20265 | D:13     | Reached XP level 15. HP: 47/81 MP: 15/22
 20630 | D:13     | HP: 3/81 [meliai (6)]
 20631 | D:13     | HP: 1/81 [meliai (3)]
 20979 | D:14     | Found a portal to a secret trove of treasure.
 21497 | D:14     | Noticed a tengu reaver
 21523 | D:14     | Killed a tengu reaver
 21641 | D:14     | Reached skill level 10 in Invocations
 21707 | D:14     | Found a gate to the Vaults.
 22179 | D:14     | Identified the +7 scimitar "Putyogas" {venom, rElec rPois
                  | rC+}
 22384 | D:15     | Entered Level 15 of the Dungeon
 22386 | D:15     | Found a staircase to the Depths.
 22386 | D:15     | Noticed a fire giant
 22550 | D:15     | Found a gate leading to a gauntlet.
 22559 | Gauntlet | Entered a Gauntlet
 22559 | Gauntlet | Found a transporter.
 22559 | Gauntlet | Found a transporter.
 22560 | Gauntlet | Found a transporter.
 22560 | Gauntlet | Found a transporter.
 22582 | Gauntlet | Found a transporter.
 22598 | Gauntlet | Found a transporter.
 22600 | Gauntlet | Found a transporter.
 22620 | Gauntlet | Found a transporter.
 22644 | Gauntlet | Found a runed translucent gate.
 22645 | Gauntlet | Found a large runed translucent door.
 22645 | Gauntlet | Found a large runed translucent door.
 22647 | Gauntlet | Found a large runed translucent door.
 22647 | Gauntlet | Found a large runed translucent door.
 22648 | Gauntlet | Found a large runed translucent door.
 22648 | Gauntlet | Found a large runed translucent door.
 22648 | Gauntlet | Found a runed translucent door.
 22649 | Gauntlet | Found a large runed translucent door.
 22650 | Gauntlet | Found a large runed translucent door.
 22655 | Gauntlet | Found a transporter.
 22655 | Gauntlet | Found a runed translucent gate.
 22655 | Gauntlet | Found a transporter.
 22656 | Gauntlet | Found a runed translucent door.
 22656 | Gauntlet | Found a runed translucent gate.
 22660 | Gauntlet | Found a large runed translucent door.
 22660 | Gauntlet | Found a large runed translucent door.
 22660 | Gauntlet | Found a large runed translucent door.
 22660 | Gauntlet | Found a large runed translucent door.
 22661 | Gauntlet | Found a large runed translucent door.
 22661 | Gauntlet | Found a large runed translucent door.
 22662 | Gauntlet | Found a large runed translucent door.
 22662 | Gauntlet | Found a large runed translucent door.
 22713 | Gauntlet | Found a transporter.
 22729 | Gauntlet | Found a transporter.
 22823 | Gauntlet | Identified the +5 rapier of Sin {drain, *Noise rF+ rCorr
                  | Str+6 Dex-5}
 22922 | Gauntlet | Identified the +1 helmet of Qyecw {rElec rC+++ rCorr Dex-3}
 22952 | Gauntlet | Identified the +3 quarterstaff of the Hated {pain, Dex+3}
 22965 | Gauntlet | HP: 2/83 [minotaur (20)]
 22965 | Gauntlet | Slain by a minotaur

Illustrated notes

Levels and vault maps discovered:
D:1:      dpeg_arrival_rooms_a, layout_basic, ebering_ecumenical_altar_mist
D:2:      layout_basic, serial_rivers, chequers_serial_rivers_small_a,
          chequers_serial_rivers_large_b, chequers_serial_rivers_micro_c,
          chequers_serial_rivers_room_a, chequers_serial_rivers_small_3,
          kennysheep_decorative_pillar, due_unseen_surprise, uniq_sigmund
D:3:      layout_basic
D:4:      layout_cave_pods, mainiacjoe_overflow_chevrons,
          minmay_temple_entry_glass, nicolae_ossuary_entry_plus, serial_glass,
          glass_columns_a, glass_columns_b, feat_on_display, item_on_display_a
D:5:      layout_gridville, mainiacjoe_overflow_paths
D:6:      layout_loops_cross, tgw_sif, nrook_campfire
D:7:      layout_gridville, marbit_many_paths, grunt_temple_overflow_open
D:8:      layout_loops_corners
D:9:      layout_rooms, lair_entry_dummy, serial_bayou_lake_a
D:10:     layout_basic, mainiacjoe_overflow_small_starburst,
          nicolae_gozag_seed_capital, hiddenorc2_lemuel, uniq_josephine
D:11:     layout_roguey
D:12:     layout_loops_corners, slow_altar_1
D:13:     layout_roguey, serial_shops, nicolae_shop_advertising_works
          [nicolae_subvault_shop_adworks], guppyfry_shop_blood
D:14:     evilmike_diamond_2, layout_cave_pools,
          skrybe_vaults_entry_preservation, nicolae_trove_entry_crossroad
D:15:     grunt_enter_depths_giant_problem, layout_grid_maze,
          amcnicky_mini_pool_small, gauntlet_entry_generic,
          chequers_serial_rivers_room_b, minmay_misc_feat_tower
Temple:   nicolae_temple_great_sept
Lair:1:   layout_loops_ring
Lair:2:   layout_cave_pods, serial_forest, infiniplex_forest_lined_corner,
          infiniplex_forest_end_1, infiniplex_forest_lined_corner,
          infiniplex_forest_lined_3, infiniplex_forest_clump_diagonal,
          infiniplex_forest_lined_room_2
Lair:3:   layout_regular_city, serial_bayou, serial_bayou_shore_a,
          serial_bayou_lagoon_a, serial_bayou_pond_b, serial_bayou_pond_a,
          st_stairs_10, serial_bayou_pond_e, hangedman_tree_tricks
Lair:4:   layout_cave_pods, minmay_swamp_entry_worms, dummy_spider_entry,
          beast_lair_carwin_5
Lair:5:   layout_loops_ring, serial_rivers, chequers_serial_rivers_micro_d,
          chequers_serial_rivers_room_b, chequers_serial_rivers_large_a,
          chequers_serial_rivers_micro_e, nicolae_lair_grazing_beasts
          [nicolae_sub_lair_graze_edge, nicolae_sub_lair_graze_edge,
          nicolae_sub_lair_graze_edge, nicolae_sub_lair_graze_edge],
          lemuel_fruit_fields
Lair:6:   evil_forest, layout_misc_corridors, minmay_slime_entry_pillars,
          minivault_11, patterned_corridor, uniq_snorg
Orc:1:    layout_diamond_mine, ebering_ghost_inner_flame, serial_shops,
          nicolae_square_shop
Orc:2:    kennysheep_orc_mage_school, layout_diamond_mine, serial_shops,
          nicolae_shop_crystal, basic_altar
Gauntlet: gammafunk_gauntlet_hard_choice [nicolae_gauntlet_arena_quarters,
          gammafunk_gauntlet_arena_grid,
          minmay_gauntlet_arena_make_your_own_arena,
          gammafunk_gauntlet_arena_teeth, nicolae_gauntlet_arena_blocks,
          gammafunk_gauntlet_arena_split_x, dreamdust_gauntlet_exit_labyrinth]

Skill      XL: |  1  2  3  4  5  6  7  8  9 10 11 12 13 14 15 |
---------------+----------------------------------------------+-----
Short Blades   | 2 3 4 5 6 8 9 11 13 14 | 14.0
Shields        | 4 5 7 8 9 10 11 12 | 12.7
Fighting       | 3 4 5 6 7 8 9 10 11 | 11.4
Invocations    | 2 4 6 7 9 10 | 10.4
Dodging        | 2 3 5 6 7 8 |  8.7
Armour         | 3 4 5 6 8 9 |  9.1

Action                   |  1- 3 |  4- 6 |  7- 9 | 10-12 | 13-15 || total
-------------------------+-------+-------+-------+-------+-------++-------
Melee: Rapier            |    50 |   110 |   436 |   961 |  1275 ||  2832
       Bite              |    10 |    28 |   144 |   346 |   572 ||  1100
       Short sword       |       |       |       |    17 |       ||    17
Throw: Dart              |       |       |     3 |    14 |       ||    17
Invok: Stomp             |       |       |       |     1 |       ||     1
       Line Pass         |       |       |       |     1 |       ||     1
  Use: Potion            |     1 |       |       |     1 |       ||     2
       Scroll            |       |     2 |     9 |    13 |    10 ||    34
 Stab: Paralysed         |       |       |     6 |    47 |    86 ||   139
       Distracted        |       |       |     1 |       |       ||     1
       Sleeping          |       |       |       |       |     1 ||     1
Armor: Scale mail        |     8 |       |       |     7 |   181 ||   196
       Ring mail         |    13 |    31 |   101 |   178 |       ||   323
       Acid dragon scale |       |       |       |       |    62 ||    62
Dodge: Dodged            |    24 |    57 |   176 |   348 |   383 ||   988
Block: Buckler           |    12 |    19 |    82 |   234 |   243 ||   590
